 Dungeon Crawl Stone Soup version 0.26-a0-612-gd4d190f45e (webtiles) character file.

6442 Gottschkopf the Grappler (level 10, -2/93 HPs)
             Began as a Black Draconian Transmuter on Dec 19, 2018.
             Was a Follower of Cheibriados.
             Slain by hemabe71's ghost (10 damage)
             ... on level 8 of the Dungeon on Sept 8, 2020.
             The game lasted 01:05:29 (10612 turns).

Gottschkopf the Grappler (DrTm)                    Turns: 10612, Time: 01:05:29

Health: -2/93      AC:  7    Str: 15    XL:     10   Next: 67%
Magic:  15/15      EV: 12    Int: 18    God:    Cheibriados [*.....]
Gold:   93         SH:  0    Dex: 14    Spells: 6/15 levels left

rFire    + . .     SeeInvis .     - Unarmed
rCold    + . .     Faith    .   (no shield)
rNeg     + . .     Spirit   .   (armour unavailable)
rPois    +         Reflect  .   (helmet restricted)
rElec    +         Harm     .   D - scarf {shadows}
rCorr    +                      (no gloves)
MR       +....                  (no boots)
Stlth    +.........             q - amulet of magic regeneration
HPRegen  0.25/turn              l - ring of protection from magic
MPRegen  0.39/turn              z - ring of positive energy

@: lethally poisoned (-2 -> -18), about to teleport, resistant, slowed, lightly
drained, very slow
A: breathe lightning, unfitting armour, electricity resistance, cold-blooded, AC
+7
a: Breathe Lightning, Bend Time, Renounce Religion


You were on level 8 of the Dungeon.
You worshipped Cheibriados.
Cheibriados was aware of your devotion.
You visited 1 branch of the dungeon, and saw 8 of its levels.

You collected 578 gold pieces.
You spent 485 gold pieces at shops.

Inventory:

Hand Weapons
 n - the +6 dagger "Ufirchao" {flame, Str+3, unknown}
   (You found it on level 7 of the Dungeon)

   It has been specially enchanted to burn those struck by it, causing extra
   injury to most foes and up to half again as much damage against particularly
   susceptible opponents.
   It affects your strength (+3).
Missiles
 a - 164 arrows
Armour
 s - the +3 ring mail "Raqipt" {+Inv rElec Str+3, unknown}
   (You found it on level 4 of the Dungeon)

   It affects your strength (+3).
   It insulates you from electricity.
   It lets you turn invisible.
 D - a scarf of shadows (worn)
Jewellery
 l - a ring of protection from magic (left hand)
 q - an amulet of magic regeneration (around neck)
 z - a ring of positive energy (right hand)
Wands
 x - a wand of flame (51)
 y - a wand of disintegration (17)
 B - a wand of random effects (17)
 C - a wand of digging (4)
Scrolls
 b - 2 scrolls of enchant weapon
 d - 2 scrolls of blinking
 e - 2 scrolls of magic mapping
 f - 4 scrolls of teleportation
 i - 3 scrolls of fog
 r - 2 scrolls of enchant armour
 t - 2 scrolls of amnesia
 u - a scroll of fear
 v - 4 scrolls of remove curse
Potions
 g - 3 potions of brilliance
 h - a potion of invisibility
 j - a potion of resistance
 k - 3 potions of flight
 m - 2 potions of stabbing
 o - 4 potions of curing
 p - 3 potions of berserk rage
 w - a potion of cancellation
 A - a potion of haste
Comestibles
 c - 8 removed foods


   Skills:
 + Level 9.9(9.6) Fighting
 - Level 1.7(1.5) Dodging
 - Level 10.0(9.6) Unarmed Combat
 - Level 3.4(3.2) Spellcasting
 - Level 9.4(9.1) Transmutations


You had 6 spell levels left.
You knew the following spells:

 Your Spells              Type           Power        Failure   Level
a - Blade Hands           Tmut           ###.......   11%         5
b - Beastly Appendage     Tmut           ###...       1%          1
c - Spider Form           Tmut/Pois      #.........   8%          3

Your spell library contained the following spells:

 Spells                   Type           Power        Failure   Level
 Ice Form                 Ice/Tmut       #.......     24%         4


Dungeon Overview and Level Annotations

Branches:
Dungeon (8/15)             Temple (0/1) D:4
   Lair: D:8-11

Altars:
Cheibriados
Dithmenos
Elyvilon
Fedhas
Hepliaklqana
Kikubaaqudgha
Nemelex Xobeh
Okawaru
Qazlal
Ru
Uskayaw
Vehumet
Yredelemnul

Shops:
D:5 ?*   D:8 [}}

Annotations:
D:5 1 runed translucent door, GeoCrane's ghost, novice MiFi
D:8 hemabe71's ghost, novice HuAr


Innate Abilities, Weirdness & Mutations

You can breathe wild blasts of lightning.
Your glossy black scales are hard. (AC +7)
You cannot fit into any form of body armour.
You are resistant to electric shocks. (rElec)
You are cold-blooded and may be slowed by cold attacks.


Message History

The curare-tipped dart hits you.
You are more poisoned.
You have difficulty breathing.
* * * LOW HITPOINT WARNING * * *
You feel as though you will be slow longer.
You see here a curare-tipped dart.
You feel protected.
* * * LOW HITPOINT WARNING * * *
You feel sick. Hemabe71's ghost hits you.
* * * LOW HITPOINT WARNING * * *
x2 Hemabe71's ghost misses you.
Okay, then.
As you read the scroll of teleportation, it crumbles to dust.
You feel strangely unstable.
* * * LOW HITPOINT WARNING * * *
You feel sick. The big kobold barely misses you.
The big kobold hits you with a +0 dagger.
* * * LOW HITPOINT WARNING * * *
Hemabe71's ghost hits you!
You die...

###### #### #....#
#...## )....# ##......
###..# #@K.....
..#..###########WK.....
..#.[..(...!)K.KK......
._#..########.()K......
..#.#########.##'''##.#
..#..#......###.....###
###..#....<.##≈.#.#.≈#
.....#.....<##⌠.#.#.⌠#
.....#......##≈.#.# ≈#


You could see 5 big kobolds and hemabe71's ghost.

Vanquished Creatures
  Harold (D:7)
  Pikel (D:6)
  A cyclops (D:6)
  A kobold demonologist (D:8)
  Grinder (D:6)
  A hippogriff (D:6)
  2 humans (D:8)
  2 wraiths (D:8)
  Eustachio (D:6)
  Menkaure (D:5)
  Duvessa (D:7)
  2 ice beasts
  A black bear (D:6)
  A sky beast (D:5)
  2 necrophages
  2 ogres (D:5)
  2 phantoms
  3 centaurs
  3 lemures (D:6)
  3 big kobolds (D:8)
  4 bullfrogs
  Blork the orc (D:6)
  Dowan (D:7)
  A wyvern skeleton (D:6)
  A water moccasin zombie (D:7)
  A troll zombie (D:8)
  5 killer bees (D:7)
  7 wights
  A vampire bat (D:3)
  A howler monkey (D:6)
  A centaur zombie (D:6)
  A hound (D:6)
  3 jellies
  A bullfrog skeleton (D:5)
  3 human zombies (D:8)
  An orc priest (D:3)
  2 orc wizards
  2 iguanas
  5 worker ants
  2 hound skeletons
  3 mummies (D:8)
  A worker ant zombie (D:6)
  3 gnolls (D:7)
  12 adders
  4 shadow imps
  2 white imps
  An ufetubus (D:5)
  2 oozes
  An adder skeleton (D:5)
  6 worms
  3 leopard geckos
  13 orcs
  10 bats
  2 bat skeletons (D:3)
  3 bat zombies (D:3)
  2 giant cockroaches
  2 gnoll zombies (D:4)
  3 goblins
  9 hobgoblins
  10 jackals
  4 quokkas
  A ball python (D:3)
  A ball python skeleton (D:4)
  2 frilled lizards (D:2)
  A jackal skeleton (D:4)
  8 kobolds
  16 rats
201 creatures vanquished.

Vanquished Creatures (collateral kills)
  A goblin (D:2)
1 creature vanquished.

Vanquished Creatures (others)
  3 plants (D:8)
3 creatures vanquished.

Grand Total: 205 creatures vanquished

Notes
Turn   | Place    | Note
-------+----------+-------------------------------------------
     0 | D:1      | Gottschkopf the Draconian Transmuter began the quest for
                  | the Orb.
     0 | D:1      | Reached XP level 1. HP: 16/16 MP: 3/3
   200 | D:1      | Reached XP level 2. HP: 17/23 MP: 3/5
   741 | D:2      | Learned a level 7 spell: Sticks to Snakes
   759 | D:2      | Reached XP level 3. HP: 25/28 MP: 3/6
   797 | D:2      | Learned a level 3 spell: Spider Form
  1520 | D:2      | Reached XP level 4. HP: 32/35 MP: 3/7
  1621 | D:2      | Found a radiant altar of Vehumet.
  1854 | D:2      | Found a shadowy altar of Dithmenos.
  1924 | D:3      | Upgraded the game from 0.23-a0-586-gacb4b3f4ce to
                  | 0.23-a0-607-g760965b753
  2020 | D:3      | Reached skill level 5 in Transmutations
  2372 | D:3      | Reached XP level 5. HP: 39/40 MP: 6/8
  2375 | D:3      | Found an ancient bone altar of Kikubaaqudgha.
  2730 | D:3      | Found a hide-covered altar of Uskayaw.
  2741 | D:3      | Became a worshipper of Uskayaw the Reveler
  2803 | D:3      | Reached * piety under Uskayaw
  2873 | D:3      | Reached ** piety under Uskayaw
  2883 | D:3      | Reached *** piety under Uskayaw
  3252 | D:4      | Found a staircase to the Ecumenical Temple.
  3468 | D:4      | Found a basalt altar of Yredelemnul.
  3525 | D:4      | Reached XP level 6. HP: 42/47 MP: 5/9
  3630 | D:4      | Got a distressingly furry ring mail
  3939 | D:4      | Found a hazy altar of Hepliaklqana.
  4008 | D:4      | Upgraded the game from 0.23-a0-607-g760965b753 to
                  | 0.23-a0-703-gdf2d5e0dd9
  4008 | D:4      | Upgraded the game from 0.23-a0-703-gdf2d5e0dd9 to
                  | 0.23-a0-767-gdc19b93d68
  4008 | D:4      | Upgraded the game from 0.23-a0-767-gdc19b93d68 to
                  | 0.25-a0-21-ga5a8db46c7
  4008 | D:4      | Upgraded the game from 0.25-a0-21-ga5a8db46c7 to
                  | 0.26-a0-612-gd4d190f45e
  4044 | D:5      | Entered Level 5 of the Dungeon
  4077 | D:5      | Reached skill level 4 in Unarmed Combat
  4218 | D:5      | Noticed a sky beast
  4230 | D:5      | Killed a sky beast
  4540 | D:5      | Reached skill level 5 in Unarmed Combat
  4549 | D:5      | Your scales start taking on a glossy black colour.
  4549 | D:5      | Reached XP level 7. HP: 20/52 MP: 10/10
  4549 | D:5      | Gained mutation: You are resistant to electric shocks.
                  | (rElec) [Black Draconian growth]
  4552 | D:5      | Reached **** piety under Uskayaw
  4554 | D:5      | Reached skill level 6 in Unarmed Combat
  4880 | D:5      | Found Rolett's Assorted Antiques.
  4934 | D:5      | Found Likaj's Magic Scroll Shop.
  4944 | D:5      | Bought a scroll of amnesia for 38 gold pieces
  4944 | D:5      | Bought a scroll of teleportation for 33 gold pieces
  4944 | D:5      | Bought a scroll of fog for 22 gold pieces
  4944 | D:5      | Bought a scroll of random uselessness for 11 gold pieces
  4944 | D:5      | Bought a scroll of remove curse for 33 gold pieces
  4944 | D:5      | Bought a scroll of identify for 22 gold pieces
  4944 | D:5      | Bought a scroll of identify for 22 gold pieces
  4944 | D:5      | Bought a scroll of identify for 22 gold pieces
  4944 | D:5      | Bought 3 scrolls of identify for 66 gold pieces
  5372 | D:5      | Found a runed translucent door.
  5372 | D:5      | Noticed GeoCrane's ghost (novice MiFi)
  5702 | D:6      | Reached skill level 7 in Unarmed Combat
  5802 | D:6      | Noticed a hippogriff
  5804 | D:6      | Noticed Eustachio
  5817 | D:6      | Killed a hippogriff
  5817 | D:6      | Reached skill level 8 in Unarmed Combat
  5817 | D:6      | Reached XP level 8. HP: 28/59 MP: 7/11
  6008 | D:6      | Killed Eustachio
  6092 | D:6      | Reached skill level 9 in Unarmed Combat
  6107 | D:7      | Learned a level 5 spell: Blade Hands
  6453 | D:6      | Found a sparkling altar of Nemelex Xobeh.
  6453 | D:6      | Noticed Grinder
  6467 | D:6      | Killed Grinder
  6614 | D:6      | Reached skill level 10 in Unarmed Combat
  6749 | D:6      | Found a sparkling altar of Nemelex Xobeh.
  7008 | D:6      | Noticed Menkaure
  7021 | D:5      | Killed Menkaure
  7021 | D:5      | Reached XP level 9. HP: 38/64 MP: 12/12
  7201 | D:6      | Reached ***** piety under Uskayaw
  7227 | D:6      | Noticed a cyclops
  7232 | D:6      | Reached ****** piety under Uskayaw
  7243 | D:6      | Killed a cyclops
  7369 | D:6      | Learned a level 5 spell: Blade Hands
  7493 | D:6      | Found a white marble altar of Elyvilon.
  7493 | D:6      | Noticed Pikel
  7493 | D:6      | Noticed Blork the orc
  7509 | D:6      | Killed Pikel
  7512 | D:6      | Killed Blork the orc
  7995 | D:7      | Noticed Duvessa
  7995 | D:7      | Noticed Dowan
  8007 | D:7      | Killed Duvessa
  8008 | D:7      | Killed Dowan
  8034 | D:7      | Got a slimy dagger
  8283 | D:7      | Noticed Harold
  8296 | D:7      | Killed Harold
  8296 | D:7      | Reached XP level 10. HP: 68/84 MP: 13/15
  8917 | D:7      | Found a snail-covered altar of Cheibriados.
  8930 | D:7      | Fell from the grace of Uskayaw
  8930 | D:7      | Became a worshipper of Cheibriados the Contemplative
  9257 | D:8      | Found Amog's Gadget Emporium.
  9434 | D:8      | Found an iron altar of Okawaru.
  9448 | D:8      | Found a blossoming altar of Fedhas.
  9805 | D:8      | Found a stormy altar of Qazlal.
  9829 | D:8      | Found Mofew's Gadget Shop.
  9873 | D:8      | Found Qituihop's Antique Armour Boutique.
  9896 | D:8      | Bought a runed scarf for 216 gold pieces
  9927 | D:8      | Found a basalt altar of Yredelemnul.
 10455 | D:8      | Found a sacrificial altar of Ru.
 10577 | D:8      | Found a runed translucent gate.
 10578 | D:8      | Found a runed translucent gate.
 10579 | D:8      | Found a runed translucent gate.
 10580 | D:8      | Noticed hemabe71's ghost (novice HuAr)
 10590 | D:8      | Reached * piety under Cheibriados
 10612 | D:8      | Slain by hemabe71's ghost

Illustrated notes

Levels and vault maps discovered:
D:1:      minmay_arrival_hallway
D:2:      lemuel_crystal_altar, lemuel_doored_altar, first_ration
D:3:      kennysheep_vampire_church, overflow_temple_1_default
D:4:      lemuel_zombie_altar_yredelemnul, marbit_many_paths,
          minmay_temple_entry_antechambers, serial_bayou, serial_bayou_pond_e,
          serial_bayou_ford_a, serial_bayou_shore_a, serial_bayou_pond_e,
          serial_bayou_pond_c, serial_bayou_shore_b
D:5:      layout_loops_ring, gammafunk_ghost_grave, serial_shops,
          kennysheep_mini_moat, shop, st_stairs_4, minmay_crossroads
D:6:      cheibrodos_barr_body, layout_loops_ring, old_standard_altar,
          elyvilon_altar_5, nemelex_xobeh_ov_fountains_minmay,
          uniq_blork_the_orc, uniq_grinder, uniq_menkaure, uniq_pikel,
          uniq_eustachio
D:7:      layout_layer_cave, slow_altar_2, uniq_duvessa, uniq_harold
D:8:      layout_rooms, okawaru_humans, nicolae_qazlal_general_emergency,
          lemuel_crystal_altar, nicolae_ru_awakened_eye, serial_shops,
          nicolae_shop_statue_plus, nicolae_shop_temple_entry_statues_fountains,
          shop, gammafunk_ghost_nasty_kobolds,
          lemuel_mausoleum_altar_yredelemnul

Skill      XL: |  1  2  3  4  5  6  7  8  9 10 |
---------------+-------------------------------+-----
Transmutations | 3 4 5 6 7 9 |  9.4
Unarmed Combat | 5 8 10 | 10.0
Fighting       | 6 9 |  9.9
Spellcasting   | 3 |  3.4
Dodging        | |  1.7

Action                   |  1- 3 |  4- 6 |  7- 9 | 10-12 || total
-------------------------+-------+-------+-------+-------++-------
Melee: Unarmed           |   137 |   233 |   199 |   120 ||   689
       Headbutt          |     9 |     8 |    12 |       ||    29
       Kick              |     8 |    11 |    10 |       ||    29
       Tailslap          |     4 |     7 |    14 |    15 ||    40
       Punch             |       |     1 |     1 |     6 ||     8
 Cast: Beastly Appendage |    19 |    16 |    13 |       ||    48
       Spider Form       |     1 |    14 |    13 |       ||    28
       Sticks to Snakes  |       |     1 |       |       ||     1
       Blade Hands       |       |       |     8 |    16 ||    24
 Abil: Breathe Lightning |       |       |     1 |       ||     1
  Use: Potion            |     2 |     2 |       |     3 ||     7
       Scroll            |       |     4 |    10 |     4 ||    18
 Stab: Sleeping          |     1 |       |       |       ||     1
       Paralysed         |       |     2 |     5 |     1 ||     8
  Eat: Removed food      |     2 |    10 |       |       ||    12
Armor: Skin              |    48 |    66 |    27 |    31 ||   172
Dodge: Dodged            |    88 |   165 |   151 |    64 ||   468

Table legend: (Time is in decaauts)
 A = Elapsed time spent in this place.
 B = Non-inter-level travel time spent in this place.
 C = Inter-level travel time spent in this place.
 D = Time resting spent in this place.
 E = Time spent auto-exploring this place.
 F = Levels seen in this place.
 G = Mean time per level.
                   A        B        C        D        E       F      G
               +--------+--------+--------+--------+--------+-----+--------+
         Total |  10818 |  10693 |    125 |   3025 |   6097 |   8 | 1352.2 |
       Dungeon |  10818 |  10693 |    125 |   3025 |   6097 |   8 | 1352.2 |
               +--------+--------+--------+--------+--------+-----+--------+

Top non-repeatable levels by time:
     D:7: 1839 daAuts
     D:6: 1776 daAuts
     D:5: 1650 daAuts
     D:8: 1504 daAuts
     D:4: 37 daAuts
Note: time per level data comes from an upgraded game and may be incomplete.
